Map: King Sejong Station LE

Players

llllllllllll

  • Race: Terran Terran
  • League: Master

Fossil - Winner!

  • Race: Zerg Zerg
  • League: Master

VOD

Have the link to the VOD?

Description

Time

  • Played on: July 10, 2016, 1:51 a.m.
  • Length: 13:46
Show
View Real Time Build Order
Export as new Build Order

llllllllllll Terran 

Build Orders: Reaper Expand, Bio Tank 

Get SALT Encoding   

  12  0:00  SCV  
  13  0:13  SCV  
  14  0:17  Supply Depot  
  14  0:25  SCV  
  15  0:39  SCV  
  15  0:41  Barracks  
  16  0:45  Refinery  
  16  0:51  SCV  
  17  1:03  SCV  
  18  1:15  SCV  
  19  1:27  Orbital Command  
  19  1:28  Reaper  
  20  1:40  Command Center  
  20  1:51  Supply Depot  
  20  1:53  SCV  
  21  1:58  Refinery  
  21  2:00  Marine  
  22  2:05  SCV  
  23  2:14  Factory  
  23  2:17  SCV  
  23  2:22  Barracks Reactor  
  24  2:29  SCV  
  25  2:37  Barracks  
  25  2:41  SCV  
  26  2:53  SCV  
  26  2:54  Orbital Command  
  26  2:58  Starport  
  27  2:59  Marine x2  
  27  3:02  Factory Tech Lab  
  29  3:11  SCV  
  30  3:19  Marine x2  
  32  3:20  Siege Tank  
  32  3:21  SCV  
  32  3:25  Barracks Tech Lab  
  32  3:26  SCV  
  36  3:35  Medivac  
  36  3:38  Supply Depot, SCV x2  
  40  3:43  Marine x2  
  42  3:48  Barracks  
  42  3:52  Stimpack  
  42  3:58  Supply Depot  
  42  4:01  SCV x2  
  44  4:05  Starport Reactor  
  44  4:12  Refinery  
  44  4:13  Marine x3, SCV x2  
  49  4:21  Supply Depot  
  49  4:25  SCV  
  49  4:26  Siege Tank  
  49  4:30  SCV  
  54  4:37  Marine x3, Barracks Reactor  
  57  4:40  SCV  
  57  4:42  SCV  
  59  4:49  Supply Depot  
  59  4:54  SCV x2  
  59  4:57  Marine x3, Supply Depot  
  59  4:58  Engineering Bay  
  64  5:03  Supply Depot  
  64  5:04  Medivac x2  
  68  5:25  SCV  
  68  5:26  SCV  
  65  5:29  Marine  
  65  5:30  Marine x3  
  65  5:31  Siege Tank  
  72  5:36  Terran Infantry Weapons Level 1  
  72  5:38  SCV x2  
  72  5:39  Marine, Supply Depot  
  75  5:44  Medivac  
  75  5:47  Marine x2  
  75  5:48  Marine  
  80  5:50  Marine, Supply Depot, SCV  
  82  5:57  Marine, Combat Shields  
  83  6:05  Marine  
  80  6:13  Marine x2  
  80  6:15  Marine  
  80  6:16  SCV x2  
  80  6:17  Medivac  
  85  6:20  Marine, Command Center  
  85  6:21  Refinery  
  85  6:23  Marine  
  87  6:31  Marine  
  88  6:36  Marine x2  
  88  6:38  Marine  
  87  6:44  Marine  
  85  6:49  Marine  
  85  6:54  Marine x2  
  67  6:55  SCV x2  
  67  6:56  Marine  
  67  6:57  Siege Tank  
  67  6:58  Medivac x2  
  78  7:03  Barracks  
  78  7:04  Barracks  
  78  7:05  Marine  
  78  7:06  Marine  
  78  7:07  SCV x2  
  82  7:11  Marine  
  82  7:12  Marine  
  81  7:21  Marine  
  63  7:22  Marine  
  63  7:24  Marine, SCV x2  
  63  7:29  Marine  
  62  7:39  Marine x2  
  62  7:40  Marine, SCV x2  
  67  7:47  Marine x2  
  67  7:48  Orbital Command, Supply Depot  
  69  7:51  Barracks Reactor  
  69  7:52  Barracks Reactor  
  69  7:53  Terran Infantry Armor Level 1  
  69  7:54  SCV x2  
  69  7:57  Marine, Siege Tank  
  75  8:01  Medivac x2  
  75  8:04  Marine  
  80  8:07  Marine x3  
  83  8:14  Marine  
  84  8:22  Marine  
  84  8:23  Orbital Command  
  84  8:25  SCV x2  
  87  8:29  Armory  
  87  8:30  Marine x4, Engineering Bay, Supply Depot  
  91  8:40  SCV x2  
  93  8:45  Marine  
  93  8:46  Marine x2, Siege Tank  
  99  8:58  Marine x3  
  99  9:02  Marine x2  
  103  9:04  SCV x3  
  103  9:07  Marine  
  107  9:16  Marine x2, SCV x3  
  108  9:17  Orbital Command  
  102  9:30  Marine x2  
  102  9:31  Marine  
  87  9:33  Siege Tank  
  87  9:41  SCV x2  
  87  9:43  Terran Infantry Weapons Level 2  
  89  9:47  SCV  
  85  9:53  Marine x2  
  85  9:54  Marine x7  
  85  9:56  Medivac  
  85  9:59  SCV x2  
  93  10:00  SCV  
  93  10:06  Terran Infantry Armor Level 2  
  94  10:11  Marine x3  
  94  10:12  Marine x2  
  94  10:14  Bunker, SCV x3  
  101  10:15  Marine  
  101  10:16  Marine  
  101  10:17  Marine  
  101  10:19  Marine  
  106  10:25  Siege Tank  
  106  10:26  SCV  
  106  10:27  SCV x2  
  112  10:30  Marine x2  
  112  10:31  Marine  
  112  10:32  Marine  
  112  10:33  Marine  
  112  10:50  Marine x3  
  112  10:52  Medivac  
  112  10:53  Medivac  
  115  11:01  Siege Tank  
  116  11:06  Marine  
  116  11:07  Marine x4, Supply Depot  
  116  11:08  Marine  
  113  11:18  Marine x3  
  107  11:24  Factory, Marine x2  
  106  11:33  Marine x3  
  109  11:40  SCV x3  
  109  11:46  Marine, Siege Tank  
  116  11:47  Marine x5  
  116  11:51  Marine, Medivac x2  
  116  11:52  SCV x2  
  116  11:53  Supply Depot  
  128  11:54  Supply Depot  
  128  11:55  SCV  
  128  12:00  Marine  
  128  12:01  Marine  
  131  12:04  Marine, SCV x2  
  131  12:05  Marine  
  112  12:15  SCV  
  112  12:16  SCV x2  
  112  12:19  Marine x5, Siege Tank  
  120  12:27  Marine x2  
  121  12:31  SCV  
  121  12:33  Factory Tech Lab  
  121  13:11  Marine  
  92  13:16  Marine x3  
  85  13:26  Marine  
  90  13:27  Marine x2  
  90  13:30  Bunker  
Show
View Real Time Build Order
Export as new Build Order

Fossil Zerg - Winner!

Build Orders: Hatch First 

Get SALT Encoding   

  12  0:00  Drone  
  13  0:12  Overlord  
  13  0:17  Drone  
  14  0:31  Drone x2  
  14  0:34  Drone  
  17  0:51  Hatchery  
  17  0:55  Drone  
  17  0:58  Drone  
  18  1:04  Extractor  
  17  1:14  Spawning Pool  
  17  1:16  Drone  
  17  1:19  Drone  
  18  1:29  Drone  
  19  1:38  Overlord  
  19  1:50  Drone  
  20  2:00  Queen  
  23  2:01  Zergling x2  
  23  2:03  Queen  
  23  2:04  Zergling x2  
  23  2:07  Metabolic Boost  
  26  2:13  Drone  
  27  2:15  Drone  
  27  2:21  Drone  
  29  2:25  Drone  
  30  2:34  Overlord  
  30  2:36  Queen  
  32  2:40  Drone  
  32  2:43  Drone  
  34  2:47  Drone  
  35  2:56  Drone  
  35  2:58  Overlord  
  36  3:04  Drone  
  37  3:09  Zergling x4  
  39  3:15  Drone x4  
  39  3:18  Queen, Drone x2  
  47  3:23  Overlord  
  47  3:36  Overlord  
  47  3:37  Hatchery  
  47  3:40  Drone  
  47  3:45  Drone x4  
  47  3:47  Drone x2  
  53  3:53  Roach Warren  
  52  4:01  Overlord  
  52  4:04  Extractor  
  52  4:07  Drone x4  
  55  4:18  Drone x3  
  55  4:19  Overlord  
  55  4:20  Overlord  
  58  4:33  Roach x4  
  68  4:38  Roach  
  68  4:45  Roach  
  69  4:46  Roach  
  71  4:53  Roach x2  
  71  4:54  Roach x2, Queen  
  71  4:59  Overlord  
  81  5:08  Overlord x2  
  81  5:11  Extractor  
  81  5:12  Extractor  
  81  5:13  Drone x2  
  78  5:16  Zergling x2  
  78  5:22  Drone x5  
  78  5:27  Roach  
  84  5:31  Roach x4  
  84  5:33  Zergling x2  
  93  5:41  Zergling x2  
  93  5:42  Zergling x2  
  95  5:43  Ravager x2  
  95  5:45  Zergling x2  
  98  5:51  Zergling x8  
  98  5:53  Queen  
  98  5:55  Lair  
  98  5:56  Zergling x4  
  106  5:57  Queen  
  106  6:03  Zergling x6  
  109  6:06  Zergling x4  
  108  6:13  Zergling x2  
  108  6:15  Drone x2  
  107  6:19  Evolution Chamber  
  107  6:21  Zergling x2, Evolution Chamber  
  106  6:25  Zergling x2  
  106  6:26  Zergling x6  
  106  6:31  Ravager x6  
  116  6:35  Zergling x8  
  117  6:40  Zergling x6  
  111  6:49  Zergling x2  
  111  6:51  Zergling x4  
  103  6:55  Glial Reconstitution  
  103  6:57  Zerg Ground Armor Level 1  
  103  7:00  Drone x6  
  107  7:06  Extractor  
  107  7:07  Extractor, Drone x2  
  100  7:19  Zergling x6  
  96  7:26  Hatchery  
  81  7:40  Roach x6  
  81  7:41  Roach x5  
  94  7:47  Zergling x4  
  94  7:50  Roach  
  94  7:51  Roach x2  
  102  7:54  Roach  
  102  7:55  Roach x2  
  102  7:56  Extractor, Overseer  
  107  8:01  Pneumatized Carapace  
  107  8:09  Ravager x4  
  111  8:14  Zergling x6  
  111  8:17  Overlord  
  111  8:18  Overlord x2  
  114  8:24  Overlord x3  
  114  8:32  Overlord  
  114  8:33  Overlord x2  
  114  8:37  Drone x5  
  114  8:40  Zergling x6  
  120  8:49  Zergling x2  
  120  8:50  Zergling x14  
  127  8:58  Zerg Ground Armor Level 2  
  127  8:59  Zerg Melee Weapons Level 1  
  127  9:00  Zergling x6  
  127  9:02  Infestation Pit  
  128  9:04  Ravager x5  
  128  9:05  Ravager x2  
  135  9:13  Zergling x12  
  135  9:15  Zergling x4  
  143  9:20  Zergling x10  
  138  9:28  Zergling x2  
  125  9:32  Roach  
  125  9:33  Roach x2  
  130  9:39  Roach x3  
  132  9:55  Roach  
  132  9:56  Roach x7  
  132  9:58  Hive  
  132  9:59  Drone  
  142  10:00  Drone x3  
  142  10:02  Drone x2  
  142  10:03  Drone  
  148  10:07  Drone x2  
  150  10:18  Drone x4  
  154  10:22  Drone x4  
  154  10:25  Infestor x3  
  154  10:26  Extractor  
  154  10:28  Zergling x2  
  164  10:31  Zergling x6  
  167  10:38  Zergling x2  
  167  10:39  Zergling x12  
  173  10:49  Zergling x4  
  175  10:50  Zergling x8  
  166  11:09  Zergling x2  
  166  11:10  Zergling x22  
  176  11:17  Zerg Melee Weapons Level 2  
  176  11:18  Ultralisk Cavern  
  176  11:22  Zergling x2  
  174  11:37  Hatchery  
  170  11:49  Overlord x6  
  170  11:51  Ravager x6  
  166  12:10  Zergling x2  
  166  12:11  Zergling x38  
  166  12:15  Zergling x10  
  186  12:20  Chitinous Plating  
  186  12:21  Ultralisk x2  
  196  12:25  Zergling x4  
  196  12:26  Zergling x2  
  195  12:32  Zergling x8  
  199  12:43  Spire  
  198  12:46  Spire  
  193  13:12  Zergling x20  
  189  13:13  Zergling x8  
  198  13:25  Zergling x8  
  198  13:26  Zergling x2  
Tags
 
Add a new tag
Caveats
  • Supply blocks, unpowered buildings, or Contaminate may cause inaccurate times.
  • Supply counts are checked every 10 seconds.